AoeStats
← WoFaz

Golden Pit

509134350Analyzed
1v1 RM · 8d ago on Sep 25, 2026· 27m 50s· 2 players
Game mode
Random Map
Map size
Tiny (2 player)
Population
200
Speed
Normal
Resources
Standard
Victory
Conquest
Starting age
Dark Age
Ending age
Imperial Age
RankedLock teamsTeams togetherTeam positionsShared explorationLock speedFull tech treeHidden civsTurbo modeCheats
Victory
Defeat
🇦🇹 Berbers · Austria
628
+15
🇨🇿 Bohemians · Czechia
599
-15
BazekCZ
3:10 Loom
15:48 Feudal Age
16:15 Double-Bit Axe
16:15 Horse Collar
17:09 Man-at-Arms
18:04 Town Watch
20:21 Wheelbarrow
24:18 Forging
24:09 Scale Mail Armor
24:01 Fletching
24:11 Padded Archer Armor
24:18 Scale Barding Armor
30:07 Castle Age
WoFaz
4:49 Loom
11:31 Feudal Age
13:05 Wheelbarrow
12:37 Double-Bit Axe
13:25 Gold Mining
13:19 Horse Collar
16:22 Town Watch
16:40 Man-at-Arms
18:21 Stone Mining
23:02 Castle Age
21:06 Scale Mail Armor
23:02 Forging
23:07 Padded Archer Armor
23:46 Squires
24:10 Long Swordsman
27:51 Fletching
Connection lost

Rejoining the realm…

Still unreachable

The connection could not be restored.

Session expired

The server has moved on; the page needs a fresh start.